AoeStats
← Fsy

Arena

508268919Analyzed
3v3 RM · 9d ago on Sep 21, 2026· 61m 47s· 6 players
Game mode
Random Map
Map size
Normal (6 player)
Population
200
Speed
Normal
Resources
Standard
Victory
Conquest
Starting age
Dark Age
Ending age
Imperial Age
RankedLock teamsTeams togetherTeam positionsShared explorationLock speedFull tech treeHidden civsTurbo modeCheats
Victory
Defeat
🇹🇼 Ethiopians · Taiwan
794
+15
🇺🇸 Persians · United States
783
+15
🇫🇷 Armenians · France
727
+17
🇹🇷 Huns · Türkiye
786
-17
🇹🇷 Burmese · Türkiye
753
-15
🇹🇷 Goths · Türkiye
745
-15
Fsy
11:43 Feudal Age
12:36 Double-Bit Axe
12:33 Horse Collar
14:28 Wheelbarrow
20:15 Castle Age
21:22 Hand Cart
20:55 Loom
21:27 Bow Saw
21:19 Heavy Plow
21:52 Pikeman
22:32 Squires
22:40 Gold Mining
22:40 Stone Mining
25:18 Man-at-Arms
25:58 Long Swordsman
27:40 Stone Shaft Mining
27:52 Anarchy
33:17 Imperial Age
30:29 Elite Skirmisher
32:42 Forging
32:33 Scale Mail Armor
33:54 Light Cavalry
34:45 Bloodlines
36:03 Perfusion
38:23 Two-Man Saw
38:19 Crop Rotation
43:12 Halberdier
44:25 Elite Huskarl
Beko
2:53 Loom
10:42 Feudal Age
11:25 Horse Collar
13:01 Wheelbarrow
18:26 Castle Age
18:09 Gold Mining
18:12 Stone Mining
19:12 Heavy Plow
19:52 Heavy Plow
23:04 Hand Cart
26:01 Forging
25:53 Scale Mail Armor
27:07 Pikeman
32:19 Imperial Age
30:29 Iron Casting
30:09 Chain Mail Armor
30:36 Husbandry
30:47 Bloodlines
32:43 Ballistics
33:27 Conscription
34:27 Chemistry
37:12 Scale Barding Armor
38:07 Howdah
42:15 Gold Shaft Mining
41:54 Treadmill Crane
42:25 Fortified Wall
42:49 Crop Rotation
43:53 Blast Furnace
43:35 Chain Barding Armor
44:47 Town Watch
46:40 Elite Battle Elephant
48:16 Plate Barding Armor
60:38 Chain Mail Armor
60:52 Squires
60:15 Halberdier
60:47 Man-at-Arms
61:12 Gambesons
61:28 Long Swordsman
AlliswereLVII
4:44 Loom
12:25 Feudal Age
13:05 Double-Bit Axe
13:02 Horse Collar
13:40 Loom
14:31 Wheelbarrow
15:28 Town Watch
17:37 Gold Mining
19:32 Padded Archer Armor
19:22 Fletching
19:46 Forging
22:48 Castle Age
24:39 Hand Cart
24:57 Bow Saw
24:50 Heavy Plow
26:37 Padded Archer Armor
26:27 Fletching
27:19 Gold Shaft Mining
30:55 Imperial Age
30:23 Leather Archer Armor
30:03 Bodkin Arrow
31:24 Bodkin Arrow
35:20 Parthian Tactics
38:16 Chemistry
37:53 Town Patrol
38:11 Forging
38:01 Scale Mail Armor
41:03 Elite Tarkan
45:18 Heavy Cavalry Archer
52:14 Elite Skirmisher
54:00 Bracer
54:35 Iron Casting
54:54 Ballistics
56:37 Two-Man Saw
61:06 Blast Furnace
Strive4Richs601
5:29 Loom
9:59 Feudal Age
11:31 Double-Bit Axe
11:28 Horse Collar
14:07 Gold Mining
18:35 Castle Age
18:45 Stone Mining
21:29 Scale Barding Armor
22:36 Forging
26:53 Pikeman
35:17 Husbandry
40:33 Wheelbarrow
39:46 Town Watch
40:14 Heavy Plow
40:59 Elite Skirmisher
41:48 Thumb Ring
44:08 Bow Saw
44:35 Gold Shaft Mining
44:25 Hand Cart
43:58 Gambesons
44:16 Squires
45:39 Arson
Ryô Saeba
0:33 Loom
11:23 Feudal Age
17:56 Castle Age
18:41 Wheelbarrow
17:51 Horse Collar
18:00 Double-Bit Axe
18:16 Gold Mining
20:38 Squires
24:14 Hand Cart
24:23 Arson
26:32 Scale Mail Armor
27:21 Bow Saw
29:28 Chain Mail Armor
29:24 Forging
29:40 Redemption
33:16 Imperial Age
31:19 Sanctity
32:00 Herbal Medicine
32:16 Fervor
33:12 Heavy Plow
34:31 Illumination
34:22 Block Printing
34:31 Conscription
34:07 Fletching
34:18 Padded Archer Armor
36:15 Bodkin Arrow
36:36 Leather Archer Armor
38:33 Chemistry
37:54 Ballistics
37:35 Murder Holes
37:50 Fortified Wall
37:16 Elite Composite Bowman
39:08 Bracer
39:39 Ring Archer Armor
44:39 Plate Mail Armor
44:45 Iron Casting
44:38 Man-at-Arms
47:18 Long Swordsman
48:04 Capped Ram
48:58 Siege Ram
55:09 Fereters
54:28 Two-Handed Swordsman
56:12 Blast Furnace
EPD_LieGiO
15:50 Feudal Age
17:00 Double-Bit Axe
18:39 Forging
18:29 Gold Mining
20:02 Horse Collar
21:22 Man-at-Arms
24:45 Castle Age
24:14 Stone Mining
25:57 Bow Saw
26:02 Heavy Plow
27:57 Scale Barding Armor
30:54 Husbandry
39:08 Imperial Age
38:12 Wheelbarrow
40:36 Murder Holes
40:53 Masonry
40:07 Cavalier
40:15 Heavy Camel Rider
42:28 Town Watch
42:17 Capped Ram
44:34 Iron Casting
44:01 Scale Mail Armor
52:11 Hand Cart
52:14 Cavalier
57:37 Elite Shotel Warrior
57:46 Elite Shotel Warrior
58:31 Royal Heirs
60:47 Blast Furnace
60:03 Chain Mail Armor
60:15 Chain Barding Armor
60:11 Chain Mail Armor
Connection lost

Rejoining the realm…

Still unreachable

The connection could not be restored.

Session expired

The server has moved on; the page needs a fresh start.